 Dungeon Crawl Stone Soup version 0.17.1-3-g152610e (webtiles) character file.

656 qice the Skirmisher (level 7, 60/62 HPs)
             Began as a Hill Orc Fighter on Apr 2, 2016.
             Was an Initiate of Gozag.
             Quit the game on level 4 of the Dungeon on Apr 19, 2016.
             The game lasted 00:57:27 (5681 turns).

qice the Skirmisher (Hill Orc Fighter)              Turns: 5681, Time: 00:57:27

Health: 60/62      AC: 11    Str: 21    XL:     7   Next: 55%
Magic:  7/7        EV:  9    Int:  8    God:    Gozag
Gold:   701        SH: 10    Dex: 12    Spells: 0 memorised, 6 levels left

rFire  . . .     SeeInvis .     e - +2 hand axe (chop)
rCold  . . .     Clarity  .     b - +0 scale mail
rNeg   . . .     SustAt   +     c - +0 shield
rPois  .         Gourm    .     (no helmet)
rElec  .         Spirit   .     B - +0 cloak
rCorr  .         Warding  .     r - +0 pair of gloves
rMut   .         Stasis   .     (no boots)
MR     .....                    (no amulet)
Stlth  ..........               (no ring)
                                p - ring of sustain attributes

@: fainting, not resistant to hostile enchantments, extremely unstealthy
A: slimy green scales 1, agile 1
a: Potion Petition, Call Merchant, Bribe Branch, Renounce Religion


You were on level 4 of the Dungeon.
You worshipped Gozag.
Gozag was noncommittal.
You were fainting.

You visited 1 branch of the dungeon, and saw 4 of its levels.

You collected 701 gold pieces.

Inventory:

Hand Weapons
 e - a +2 hand axe of chopping (weapon)
 A - a +4 quarterstaff of chaos
Armour
 b - a +0 scale mail (worn)
 c - a +0 shield (worn)
 q - a +0 ring mail
 r - a +0 pair of gloves (worn)
 B - a +0 cloak (worn)
Jewellery
 a - an uncursed ring of poison resistance {unknown}
 p - a ring of sustain attributes (left hand)
Wands
 i - a wand of heal wounds (0)
 j - a wand of cold (11)
 y - a wand of confusion (21)
Scrolls
 f - a scroll of teleportation
 h - 2 scrolls of amnesia
 k - a scroll of identify
 t - a scroll of magic mapping
Potions
 d - 2 potions of might
 g - a potion of heal wounds
 n - a potion of lignification
 o - a potion of invisibility
 v - 2 potions of curing
 x - a potion of resistance
 z - a potion of beneficial mutation
Books
 l - an Akashic Record

   Spells                             Type                      Level
   a - Dispersal                      Translocation                6
   b - Malign Gateway                 Summoning/Translocation      7
   c - Disjunction                    Translocation                8
   d - Controlled Blink               Translocation                8
 u - a book of Frost

   Spells                             Type                      Level
   a - Freeze                         Ice                          1
   b - Throw Frost                    Conjuration/Ice              2
   c - Ozocubu's Armour               Charms/Ice                   3
   d - Throw Icicle                   Conjuration/Ice              4
   e - Summon Ice Beast               Ice/Summoning                4
   f - Condensation Shield            Ice                          4


   Skills:
 * Level 5.7 Fighting
   Level 2.6 Long Blades
 * Level 4.4 Axes
 + Level 4.6 Armour
 + Level 2.5 Dodging
 + Level 5.1 Shields


You had 6 spell levels left.
You didn't know any spells.

Dungeon Overview and Level Annotations

Branches:
Dungeon (4/15)
 Temple: D:4-7

Altars:
Gozag


Innate Abilities, Weirdness & Mutations

You are partially covered in slimy green scales (AC +2).
You are agile. (Dex +2)


Message History

You block the adder's attack.
Your shield and scale mail prevent you from hitting the adder.
The adder is severely wounded.
The adder bites you. You block the adder's attack.
You miss the adder.
The adder is severely wounded.
You block the adder's attack.
You are fainting from starvation!
You hit the adder but do no damage.
The adder is severely wounded.
The adder bites you. The adder bites you but does no damage.
You closely miss the adder.
The adder is severely wounded.
The adder bites you but does no damage.
You hit the adder.
You kill the adder!
You now have 701 gold pieces (gained 9).
You lose consciousness!
You can move again.
Are you sure you want to abandon this character and quit the game? (Confirm with "yes".)

.................................
.....##########.##..........#....
.....# #.............##..#....
......# ##.###.##...............
............# #.##..##..##.......
......#..##.# #.##..# ..##.......
#####.#..##.###.##..##..###.#.#.#
# ....#..##)##.........####.#.#.#
##.##.#..##))...@................
............#....................
....###...#.#....#.....####.#####
..........#)#....#..#..####.#####
.##..###....##..##..........#...#
.##..###.#..........#............
........................####....#
........##..#.#.##......# #....#
........##..#.#.##......# ♣....♣


There were no monsters in sight!

Vanquished Creatures
  3 ogres (D:4)
  A crimson imp (D:3)
  2 orc priests (D:4)
  Crazy Yiuf (D:4)
  Terence (D:2)
  2 worker ants (D:4)
  5 adders
  An ooze (D:1)
  6 worms
  5 giant geckos
  11 orcs (D:4)
  6 giant cockroaches
  12 goblins
  7 hobgoblins
  12 jackals
  A quokka (D:2)
  2 ball pythons
  11 bats
  5 giant newts
  10 kobolds
  12 rats
116 creatures vanquished.

Notes
Turn   | Place    | Note
--------------------------------------------------------------
     0 | D:1      | qice the Hill Orc Fighter began the quest for the Orb.
     0 | D:1      | Reached XP level 1. HP: 19/19 MP: 1/1
   163 | D:1      | Reached XP level 2. HP: 20/27 MP: 2/2
   305 | D:1      | Reached skill level 4 in Fighting
   404 | D:1      | Reached XP level 3. HP: 33/33 MP: 3/3
   858 | D:1      | Reached skill level 1 in Dodging
  2454 | D:2      | Reached XP level 4. HP: 30/40 MP: 4/4
  2456 | D:2      | Gained mutation: You are partially covered in slimy green scales (AC +2). [potion of beneficial mutation]
  2854 | D:2      | Noticed Terence
  2881 | D:2      | Killed Terence
  2881 | D:2      | Reached skill level 1 in Axes
  3172 | D:2      | Found a faded altar to an unknown god.
  3208 | D:2      | Became a worshipper of Gozag Ym Sagoz the Greedy
  3364 | D:2      | Reached XP level 5. HP: 40/46 MP: 5/5
  4887 | D:4      | Noticed an ogre
  4899 | D:4      | Killed an ogre
  4899 | D:4      | Reached skill level 5 in Fighting
  4899 | D:4      | Reached XP level 6. HP: 37/56 MP: 6/6
  4939 | D:4      | Noticed an ogre
  4948 | D:4      | Killed an ogre
  5008 | D:4      | Reached XP level 7. HP: 38/61 MP: 7/7
  5267 | D:4      | Noticed Crazy Yiuf
  5274 | D:4      | Paralysed by Crazy Yiuf for 3 turns
  5287 | D:4      | Killed Crazy Yiuf
  5360 | D:4      | Gained mutation: You are agile. (Dex +2) [potion of beneficial mutation]
  5425 | D:4      | Noticed an ogre
  5437 | D:4      | Killed an ogre
  5437 | D:4      | Reached skill level 5 in Shields
  5681 | D:4      | Quit the game

Action                   |  1- 3 |  4- 6 |  7- 9 || total
-------------------------+-------+-------+-------++-------
Melee: Long sword        |    76 |    33 |       ||   109
       Short sword       |    78 |       |       ||    78
       Hand axe          |       |   244 |    76 ||   320
  Use: Scroll            |     5 |     3 |     3 ||    11
       Potion            |       |     5 |     3 ||     8
  Eat: Bread ration      |     1 |     1 |       ||     2
       Chunk             |       |     2 |       ||     2
       Pizza             |       |     1 |       ||     1
       Beef jerky        |       |     1 |       ||     1
